 Dungeon Crawl Stone Soup version 0.29.1-1-gd02db6906a (webtiles) character file.

Game seed: 8585866520046697332

307 smilodon the Sneak (level 6, -3/41 HPs)
             Began as a Vampire Enchanter on Oct 1, 2022.
             Was an Initiate of Gozag.
             Slain by a killer bee (5 damage)
             ... on level 4 of the Dungeon.
             The game lasted 00:06:04 (2326 turns).

smilodon the Sneak (Vampire Enchanter)              Turns: 2326, Time: 00:06:04

Health: -3/41      AC:  6    Str: 10    XL:     6   Next: 16%
Magic:  10/10      EV: 11    Int: 20    God:    Gozag
Gold:   334        SH:  0    Dex: 14    Spells: 5/11 levels left

rFire   . . .      SeeInvis +   k - +9 dagger "Goblinbane" {vorpal, rC- Will+ Str+3}
rCold   x . .      Faith    .   (no shield)
rNeg    . . .      Spirit   .   g - +0 ring mail
rPois   .          Reflect  .   h - +0 helmet
rElec   .          Harm     .   (no cloak)
rCorr   .          Rampage  .   (no gloves)
Will    +....                   (no boots)
Stlth   +++.......              (no amulet)
HPRegen 0.33/turn               (no ring)
MPRegen 0.12/turn               (no ring)

@: healing quickly, invisible
A: alive, fangs 3, see invisible, vampiric 2
a: Exsanguinate, Renounce Religion, Potion Petition, Call Merchant, Bribe Branch


You were on level 4 of the Dungeon.
You worshipped Gozag.
Gozag was aware of your devotion.
You visited 1 branch of the dungeon, and saw 4 of its levels.

You collected 407 gold pieces.
You paid 73 gold pieces to Gozag.

Inventory:

Hand Weapons
 a - a +1 dagger
 d - a +0 short sword
 k - the +9 dagger "Goblinbane" (weapon) {vorpal, rC- Will+ Str+3}
   (You found it on level 3 of the Dungeon)

   It inflicts extra damage upon your enemies.
   Str:       It affects your strength (+3).
   rC:        It makes you vulnerable to cold.
   Will:      It increases your willpower.
Armour
 b - a +0 robe
 g - a +0 ring mail (worn)
 h - a +0 helmet (worn)
Magical Staves
 p - a staff of earth
Jewellery
 o - the amulet of Vitality {RegenMP++ Regen++}
   (You took it off a kobold on level 3 of the Dungeon)

   [amulet of magic regeneration]

   It increases your rate of magic regeneration.
   Regen:     It increases your rate of health regeneration.
Scrolls
 f - a scroll of fog
 l - a scroll of amnesia
 m - a scroll of vulnerability
 n - a scroll of enchant weapon {unknown}
 q - a scroll of identify
Potions
 c - a potion of invisibility
 i - a potion of resistance
 j - 2 potions of haste


   Skills:
 + Level 3.0 Short Blades
 + Level 3.7 Dodging
 + Level 6.1 Stealth
 + Level 3.2 Spellcasting
 + Level 5.9 Hexes


You had 5 spell levels left.
You knew the following spells:

 Your Spells              Type           Power      Damage    Failure   Level
a - Confusing Touch       Hex            27%        N/A       10%         3
b - Tukima's Dance        Hex            27%        N/A       10%         3

Your spell library contained the following spells:

 Spells                   Type           Power      Damage    Failure   Level
 Ensorcelled Hibernation  Hex/Ice        30%        N/A       16%         2
 Dazzling Flash           Conj/Hex       30%        N/A       32%         3
 Portal Projectile        Hex/Tloc       30%        N/A       32%         3
 Apportation              Tloc           6%         N/A       36%         1
 Necrotise                Necr           12%        1d4       36%         1
 Summon Small Mammal      Summ           12%        N/A       36%         1
 Blink                    Tloc           6%         N/A       50%         2
 Leda's Liquefaction      Hex/Erth       7%         N/A       71%         4
 Call Canine Familiar     Summ           3%         N/A       73%         3
 Iskenderun's Mystic Bla  Conj/Tloc      3%         2d3       98%         4
 Blade Hands              Tmut           1%         N/A       100%        5
 Manifold Assault         Tloc           3%         N/A       100%        5
 Starburst                Conj/Fire      1%         6d3       100%        6
 Storm Form               Tmut/Air       1%         N/A       100%        7


Dungeon Overview and Level Annotations

Branches:
Dungeon (4/15)
 Temple: D:4-7

Altars:
Fedhas
Gozag
Nemelex Xobeh
Uskayaw


Innate Abilities, Weirdness & Mutations

Your natural rate of healing is accelerated.
You have razor-sharp teeth.
You have supernaturally acute eyesight. (SInv)
You are afflicted with vampirism and can become a bat while bloodless.


Message History

You are too injured to fight recklessly!
You are too injured to fight recklessly!
You miss the killer bee.
The killer bee is almost dead.
You feel sick. The killer bee stings you. x2
* * * LOW HITPOINT WARNING * * *
You miss the killer bee.
The killer bee is almost dead.
You feel sick. The killer bee barely misses you.
You closely miss the killer bee. Your bite misses the killer bee.
The killer bee is almost dead.
You feel sick. The killer bee barely misses you. The killer bee stings you.
* * * LOW HITPOINT WARNING * * *
Okay, then.
Okay, then.
Okay, then.
Blink to where?
Press: ? - help, Dir - move target
As you read the scroll of blinking, it crumbles to dust.
* * * LOW HITPOINT WARNING * * *
You feel sick.
Okay, then.
You fade into invisibility!
* * * LOW HITPOINT WARNING * * *
You feel sick. The killer bee closely misses you.
The killer bee stings you but does no damage.
* * * LOW HITPOINT WARNING * * *
You feel sick. The killer bee closely misses you.
You see here a +0 ring mail.
* * * LOW HITPOINT WARNING * * *
You feel sick. The killer bee misses you.
* * * LOW HITPOINT WARNING * * *
You feel sick.
You are no longer poisoned.
The killer bee misses you.
The killer bee stings you but does no damage.
The killer bee closely misses you. The killer bee stings you.
You die...
Your body crumbles into a pile of gold.

* **,,,*,,,,* ###...# ***
**,,,,*,,* ###..
,,*******,,,***,,######
### ,,,,,**,,,***
*,,#....# #
**,,,,,,***#######.88.#
****
****,,**###.[..##.88.###
*##... *,,**
#.$####.#....'.# *#.....
**,,*
#.ยง#**#y#'####.###......
*,,**
###..##@#..###.##.......
***,**
***..##.#).##^.#........
,,,,**
#,$###.####.#.##).......
***,,* #y.###.#
#.#..##....... **,**
**#(?#.# #.#...#.......
*,,**
#$)#.####.##...#......
**,,*
#####....##.#..###....
**,**
#.#######......###### ***
*,,**
#....................


You could see a killer bee (unable to see you).

Vanquished Creatures
  A phantom (D:4)
  A scorpion (D:4)
  A howler monkey (D:4)
  An orc wizard (D:4)
  3 adders
  2 worms
  A dart slug (D:3)
  8 orcs
  6 endoplasms
  6 goblins
  9 hobgoblins
  7 jackals
  A quokka (D:3)
  5 ball pythons
  A bat (D:1)
  5 frilled lizards
  6 kobolds
  4 rats
68 creatures vanquished.

Vanquished Creatures (collateral kills)
  An orc (D:4)
1 creature vanquished.

Vanquished Creatures (others)
  A dancing weapon (D:4)
1 creature vanquished.

Grand Total: 70 creatures vanquished

Notes
Turn   | Place    | Note
-------+----------+-------------------------------------------
     0 | D:1      | smilodon the Vampire Enchanter began the quest for the Orb.
     0 | D:1      | Reached XP level 1. HP: 13/13 MP: 3/3
   289 | D:1      | Found a faded altar of an unknown god.
   498 | D:1      | Reached XP level 2. HP: 17/19 MP: 5/5
   811 | D:2      | You fall into a shaft and drop 2 floors!
   929 | D:2      | Gained mutation: You are afflicted with vampirism and can
                  | become a bat while bloodless. [Vampire growth]
   929 | D:2      | Reached XP level 3. HP: 13/24 MP: 6/6
  1322 | D:3      | Reached skill level 5 in Stealth
  1353 | D:3      | Found an opulent altar of Gozag.
  1353 | D:3      | Found a blossoming altar of Fedhas.
  1361 | D:3      | Found a sparkling altar of Nemelex Xobeh.
  1364 | D:3      | Found a hide-covered altar of Uskayaw.
  1384 | D:3      | Became a worshipper of Gozag Ym Sagoz the Greedy
  1430 | D:3      | Identified the +9 dagger "Goblinbane" {vorpal, rC- Will+
                  | Str+3}
  1582 | D:3      | Reached skill level 5 in Hexes
  1611 | D:3      | Learned a level 3 spell: Confusing Touch
  1615 | D:3      | Learned a level 3 spell: Tukima's Dance
  1680 | D:3      | Reached XP level 4. HP: 30/30 MP: 7/7
  1810 | D:4      | Noticed a scorpion
  1818 | D:4      | Killed a scorpion
  2061 | D:4      | Reached XP level 5. HP: 35/35 MP: 9/9
  2269 | D:4      | Noticed a phantom
  2278 | D:4      | Killed a phantom
  2279 | D:4      | Reached skill level 6 in Stealth
  2279 | D:4      | Reached XP level 6. HP: 40/41 MP: 10/10
  2321 | D:4      | HP: 2/41 [poisoned by a killer bee]
  2326 | D:4      | Slain by a killer bee

Illustrated notes

Levels and vault maps discovered:
D:1:      spicycebolla_green_bress_n_ham, layout_loops_ring,
          hellmonk_ecumenical_altar_run_dry, minmay_tromino_v2
D:2:      layout_rooms, minmay_misc_feat_enclosed
D:3:      layout_rooms, minmay_overflow_temple_hex
D:4:      minmay_chambers_of_fours, layout_cave_pods,
          kennysheep_generic_room_15, uniq_natasha, uniq_menkaure

Skill      XL: |  1  2  3  4  5 |
---------------+----------------+-----
Stealth        | 5 6 |  6.1
Short Blades   | 2 3 |  3.0
Hexes          | 5 |  5.9
Dodging        | 3 |  3.7
Spellcasting   | 3 |  3.2

Action                   |  1- 3 |  4- 6 || total
-------------------------+-------+-------++-------
Melee: Dagger            |    90 |    67 ||   157
       Bite              |    16 |     6 ||    22
       Short sword       |    63 |       ||    63
       Punch             |     2 |       ||     2
 Cast: Tukima's Dance    |       |     1 ||     1
  Use: Scroll            |     6 |     3 ||     9
       Potion            |     7 |     1 ||     8
 Stab: Sleeping          |     8 |     2 ||    10
       Distracted        |     2 |     1 ||     3
Armor: Ring mail         |    63 |    31 ||    94
Dodge: Dodged            |    84 |    54 ||   138
